 Dungeon Crawl Stone Soup version 0.21.1-1-g345015fe64 (webtiles) character file.

1994 Gargoyl the Chopper (level 9, -4/72 HPs)
             Began as a Centaur Abyssal Knight on May 10, 2018.
             Was a Believer of Lugonu.
             Killed from afar by a tengu conjurer (21 damage)
             ... with an orb of energy
             ... on level 7 of the Dungeon.
             The game lasted 00:11:24 (8560 turns).

Gargoyl the Chopper (Centaur Abyssal Knight)        Turns: 8560, Time: 00:11:24

Health: -4/72      AC: 16    Str: 17    XL:     9   Next: 1%
Magic:  13/13      EV:  6    Int: 11    God:    Lugonu [**....]
Gold:   401        SH:  0    Dex: 14    Spells: 8/8 levels left

rFire    . . .     SeeInvis .   a - +1 hand axe
rCold    . . .     Gourm    .   (no shield)
rNeg     . . .     Faith    .   b - +1 chain mail
rPois    .         Spirit   .   d - +2 helmet
rElec    .         Reflect  .   (no cloak)
rCorr    .         Harm     .   e - +2 pair of gloves
MR       .....                  (no barding)
Stlth    ..........             (no amulet)
HPRegen  0.22/turn              (no ring)
MPRegen  0.13/turn              (no ring)

@: very quick
A: large, hooves 3, agile 1, blurry vision 1, deformed body, speed 2, strong 1,
tough skin 3, wild magic 1
a: Depart the Abyss, Bend Space, Renounce Religion


You were on level 7 of the Dungeon.
You worshipped Lugonu.
Lugonu was pleased with you.
You were not hungry.

You visited 1 branch of the dungeon, and saw 7 of its levels.
You visited the Abyss 1 time.

You collected 401 gold pieces.

Inventory:

Hand Weapons
 a - a +1 hand axe (weapon)
Missiles
 f - 9 tomahawks (quivered)
Armour
 b - a +1 chain mail (worn)
 d - a +2 helmet (worn)
 e - a +2 pair of gloves (worn)
Wands
 i - a wand of iceblast (12)
 o - a wand of paralysis (9)
 t - a wand of digging (7)
Scrolls
 j - 4 scrolls of remove curse
 m - 5 scrolls of teleportation
 r - a scroll of amnesia
 s - a scroll of fear
Potions
 h - a potion of heal wounds {unknown}
 k - a potion of degeneration {unknown}
 p - a potion of haste {unknown}
 q - a potion of curing
Comestibles
 c - 9 rations


   Skills:
 + Level 4.7 Fighting
 + Level 5.8 Axes
 + Level 0.2 Throwing
 * Level 5.5 Armour
 + Level 2.4 Dodging
 * Level 5.8 Invocations


You had 8 spell levels left.
You didn't know any spells.

Dungeon Overview and Level Annotations

Branches:
Dungeon (7/15)
 Temple: D:4-7

Altars:
Elyvilon
Makhleb
Qazlal
Sif Muna
Uskayaw
Wu Jian
Zin
The Shining One


Innate Abilities, Weirdness & Mutations

You have hooves in place of feet.
Armour fits poorly on your strangely shaped body.
You cover ground very quickly.
You have extremely tough skin. (AC +3)
You are agile. (Dex +2)
Scrolls take you a little longer to read.
Your muscles are strong. (Str +2)
Your spells are a little harder to cast, but a little more powerful.


Message History

You start resting.
Magic restored.
You start resting.
A cyclops comes into view.
Press: ? - help, Shift-Dir - straight line, f - cyclops
Aim: a cyclops (hasn't noticed you, chance to defeat MR: 71%)
The cyclops shouts!
The cyclops struggles to resist.
You feel quite a bit more hungry.
You can no longer banish your foes.
Okay, then.
Unknown command.
Okay, then.
The cyclops throws a large rock.
The large rock hits you!!
* * * LOW HITPOINT WARNING * * *
You see here a large rock.
The tengu conjurer shouts!
It was a potion of magic.
Magic courses through your body.
The tengu conjurer points at you and mumbles some strange words.
The orb of energy hits you!
You die...

.Q#
#..###..##.............)..
#F###..#..##..#...........[.#
#y####.###..#..........._..#
##.#.....#.##......#)#######
##oo#.....#.##......#..#
#..o......Q.##......##†######
##.†#.....#.##########......#
##.#.....#.## #..###.#
#.####.###.@## #.>).#.. #.#
#.....##..## ##<#.###


ou# #..#.#..##..# ###...# .## #..##.##..##.# ###.# # #..#.....#..#(# #.#
#.##..... #.#.# #.. #..............# ### ## ##.....##.#.# #.....#..#.# You could
see a tengu conjurer.

Vanquished Creatures
  Sigmund (D:2)
  A black bear (D:7)
  A sky beast (D:5)
  An ice beast (D:7)
  3 ogres
  A centaur (D:5)
  4 scorpions
  A wyvern skeleton (D:6)
  A killer bee (D:7)
  A quasit (D:7)
  4 hounds
  2 jellies
  An orc wizard (D:4)
  2 iguanas
  5 worker ants
  A hound skeleton (D:7)
  4 gnolls
  A howler monkey zombie (D:6)
  5 adders
  An ooze (D:6)
  An adder zombie (D:5)
  6 worms
  2 dart slugs
  2 leopard geckos
  8 orcs
  A ball python (D:1)
  8 bats
  5 giant cockroaches
  5 goblins
  9 hobgoblins
  A quokka (D:3)
  A frilled lizard (D:2)
  A giant cockroach zombie (D:1)
  7 kobolds
  A leopard gecko zombie (D:1)
  10 rats
109 creatures vanquished.

Vanquished Creatures (others)
  An unseen horror (D:7)
1 creature vanquished.

Grand Total: 110 creatures vanquished

Notes
Turn   | Place    | Note
-------+----------+-------------------------------------------
     0 | Abyss:1  | Gargoyl the Centaur Abyssal Knight began the quest for the Orb.
     0 | Abyss:1  | Reached XP level 1. HP: 19/19 MP: 2/2
   114 | Abyss:1  | Noticed a soul eater
   125 | D:1      | Escaped the Abyss
   393 | D:1      | Reached XP level 2. HP: 18/26 MP: 3/3
   399 | D:1      | Reached * piety under Lugonu
  1377 | D:2      | Reached XP level 3. HP: 30/31 MP: 4/4
  1394 | D:2      | Found a deep blue altar of Sif Muna.
  1397 | D:2      | Found a glowing golden altar of the Shining One.
  1682 | D:2      | Gained mutation: Your body sometimes deteriorates upon taking damage. [potion of mutation]
  1682 | D:2      | Gained mutation: Your spells are a little harder to cast, but a little more powerful. [potion of mutation]
  1682 | D:2      | Gained mutation: Your mind is acute. (Int +2) [potion of mutation]
  1687 | D:2      | Reached skill level 1 in Dodging
  1689 | D:2      | Reached XP level 4. HP: 12/38 MP: 5/5
  2426 | D:2      | Noticed Sigmund
  2469 | D:2      | Killed Sigmund
  2469 | D:2      | Reached XP level 5. HP: 18/46 MP: 5/7
  3095 | D:2      | Reached XP level 6. HP: 38/52 MP: 8/8
  3404 | D:3      | Reached ** piety under Lugonu
  3435 | D:3      | Found a hide-covered altar of Uskayaw.
  3465 | D:3      | Found a burning altar of Makhleb.
  4752 | D:4      | Reached XP level 7. HP: 41/58 MP: 9/9
  4983 | D:5      | Entered Level 5 of the Dungeon
  5552 | D:5      | Found a stormy altar of Qazlal.
  6501 | D:6      | Lost mutation: Your body sometimes deteriorates upon taking damage. [potion of mutation]
  6501 | D:6      | Lost mutation: Your mind is acute. (Int +2) [potion of mutation]
  6501 | D:6      | Gained mutation: Your muscles are strong. (Str +2) [potion of mutation]
  6501 | D:6      | Gained mutation: Scrolls take you a little longer to read. [potion of mutation]
  6501 | D:6      | Gained mutation: You are agile. (Dex +2) [potion of mutation]
  6529 | D:6      | Found a white marble altar of Elyvilon.
  6706 | D:6      | Reached XP level 8. HP: 54/66 MP: 11/11
  6820 | D:6      | Found a glowing silver altar of Zin.
  6896 | D:7      | Found an ornate altar of the Wu Jian Council.
  7158 | D:7      | Reached skill level 5 in Axes
  7227 | D:7      | Reached skill level 5 in Invocations
  7428 | D:7      | Noticed a white ugly thing
  7432 | D:7      | Reached *** piety under Lugonu
  7442 | D:7      | Noticed a tengu conjurer
  8221 | D:6      | Reached skill level 5 in Armour
  8520 | D:7      | Banished an unseen horror
  8520 | D:7      | Reached XP level 9. HP: 43/72 MP: 13/13
  8554 | D:7      | Noticed a cyclops
  8560 | D:7      | Killed from afar by a tengu conjurer

Skill      XL: |  1  2  3  4  5  6  7  8 |
---------------+-------------------------+-----
Axes           | 2 3 4 5 |  5.8
Armour         | 2 3 4 5 |  5.5
Dodging        | 1 2 |  2.4
Invocations    | 3 4 5 |  5.8
Fighting       | 4 |  4.7
Throwing       | |  0.2

Action                   |  1- 3 |  4- 6 |  7- 9 || total
-------------------------+-------+-------+-------++-------
Melee: Hand axe          |    91 |   180 |   248 ||   519
       Kick              |    10 |    31 |    64 ||   105
Throw: Tomahawk          |       |     2 |     1 ||     3
Invok: Depart the Abyss  |     1 |       |       ||     1
       Bend Space        |       |       |     1 ||     1
       Banish            |       |       |     2 ||     2
Evoke: Wand              |       |     2 |     1 ||     3
  Use: Potion            |     1 |     3 |     4 ||     8
       Scroll            |       |     5 |     5 ||    10
 Stab: Paralysed         |       |       |     9 ||     9
  Eat: Ration            |       |     2 |     2 ||     4
       Chunk             |       |     4 |     4 ||     8
Armor: Ring mail         |    71 |    18 |       ||    89
       Skin              |       |    14 |     4 ||    18
       Chain mail        |       |    80 |   207 ||   287
Dodge: Dodged            |    50 |    51 |    71 ||   172
